 Dungeon Crawl Stone Soup version 0.27.0-1-g7a089689b8 (webtiles) character file.

Game seed: 5080191849469495241

754 wakim the Ducker (level 7, -5/56 HPs)
             Began as a Gnoll Gladiator on Aug 16, 2021.
             Was a Believer of Vehumet.
             Killed from afar by an orc wizard (8 damage)
             ... with a magic dart
             ... on level 5 of the Dungeon.
             The game lasted 00:14:17 (6849 turns).

wakim the Ducker (Gnoll Gladiator)                  Turns: 6849, Time: 00:14:18

Health: -5/56      AC:  4    Str: 13    XL:     7   Next: 79%
Magic:  11/11      EV: 14    Int: 10    God:    Vehumet [**....]
Gold:   161        SH:  4    Dex: 13    Spells: 7/11 levels left

rFire    . . .     SeeInvis .   b - +4 dagger
rCold    . . .     Faith    .   m - +0 buckler
rNeg     . . .     Spirit   .   k - +0 robe
rPois    .         Reflect  .   c - +1 helmet
rElec    .         Harm     .   (no cloak)
rCorr    .         Rampage  .   (no gloves)
Will     .....                  (no boots)
Stlth    ++........             (no amulet)
HPRegen  0.18/turn              (no ring)
MPRegen  0.12/turn              (no ring)

@: no status effects
A: fangs 1, strong nose, distributed training
a: Renounce Religion


You were on level 5 of the Dungeon.
You worshipped Vehumet.
Vehumet was pleased with you.
You visited 2 branches of the dungeon, and saw 7 of its levels.

You collected 161 gold pieces.

Inventory:

Hand Weapons
 a - a +0 quarterstaff
 b - a +4 dagger (weapon)
 d - a +0 hunting sling
Missiles
 e - a curare-tipped dart {=f}
 f - 33 poisoned darts
 l - 3 throwing nets {=f!f}
 n - 5 datura-tipped darts
 s - 132 stones (quivered)
 t - 26 sling bullets
Armour
 c - a +1 helmet (worn)
 k - a +0 robe (worn)
 m - a +0 buckler (worn)
Wands
 v - a wand of flame (18)
Scrolls
 g - 2 scrolls of enchant armour
 j - 3 scrolls of amnesia
 R - a scroll of magic mapping {!r}
 T - 3 scrolls of teleportation
 Y - a scroll of blinking {!r}
Potions
 h - 4 potions of might {unknown}
 i - 2 potions of magic {unknown}
 o - a potion of experience {unknown}
 p - 3 potions of attraction {unknown}
 q - a potion of ambrosia {unknown}
 r - 2 potions of haste {unknown}
 u - a potion of berserk rage {unknown}
 D - 2 potions of brilliance
 E - a potion of cancellation
 F - a potion of curing


   Skills:
 + Level 5.3 Fighting
 + Level 2.7 Short Blades
 + Level 2.7 Long Blades
 + Level 2.7 Axes
 + Level 2.7 Maces & Flails
 + Level 2.7 Polearms
 + Level 7.1 Staves
 + Level 2.7 Slings
 + Level 2.7 Bows
 + Level 2.7 Crossbows
 + Level 5.3 Throwing
 + Level 2.7 Armour
 + Level 7.1 Dodging
 + Level 2.7 Stealth
 + Level 2.7 Shields
 + Level 2.7 Unarmed Combat
 + Level 2.7 Spellcasting
 + Level 2.2 Conjurations
 + Level 2.2 Hexes
 + Level 2.2 Summonings
 + Level 2.2 Necromancy
 + Level 2.2 Translocations
 + Level 2.2 Transmutations
 + Level 2.2 Fire Magic
 + Level 2.2 Ice Magic
 + Level 2.2 Air Magic
 + Level 2.2 Earth Magic
 + Level 2.2 Poison Magic
 + Level 3.0 Invocations
 + Level 2.7 Evocations


You had 7 spell levels left.
You knew the following spells:

 Your Spells              Type           Power      Damage    Failure   Level
x - Poisonous Vapours     Pois/Air       10%        N/A       21%         2
B - Blink                 Tloc           N/A        N/A       21%         2

Your spell library contained the following spells:

 Spells                   Type           Power      Damage    Failure   Level
 Shock                    Conj/Air       20%        1d4       14%         1
 Sting                    Tmut/Pois      20%        1d4       14%         1
 Olgreb's Toxic Radiance  Pois           5%         N/A       80%         4
 Manifold Assault         Tloc           5%         N/A       98%         5
 Storm Form               Tmut/Air       2%         N/A       100%        7


Dungeon Overview and Level Annotations

Branches:
Dungeon (6/15)             Temple (1/1) D:4

Altars:
Elyvilon
Fedhas
Kikubaaqudgha
Ru
Uskayaw
Vehumet
Beogh

Annotations:
D:3 3 runed translucent doors, greedy's ghost, amateur DsGl


Innate Abilities, Weirdness & Mutations

You have very sharp teeth.
Your uncanny sense of smell can sniff out nearby items.
Your experience applies equally to all skills.


Message History

An orc wizard comes into view.
It is wielding a +0 dagger of electrocution.
You throw a stone.
The stone hits the orc priest but does no damage.
The orc wizard gestures at you while chanting.
The puff of flame hits you!
An orc comes into view. It is wielding a +2 vorpal trident.
You block the orc priest's attack.
You hit the orc priest but do no damage.
The orc wizard casts a spell.
The orc wizard flickers and vanishes!
Deactivating autopickup; reactivate with Ctrl-A.
The orc wizard points at you and mumbles some strange words.
You resist with some effort.
The orc priest hits you but does no damage.
The orc priest mumbles some strange prayers to Beogh against you.
Beogh smites you!
The orc priest hits you with a +0 war axe.
You hit the orc priest but do no damage.
You barely miss the orc wizard.
You are too injured to fight recklessly!
You are too injured to fight recklessly!
You hit the orc priest.
The orc priest is moderately wounded.
The orc wizard hits you with a +0 dagger of electrocution.
* * * LOW HITPOINT WARNING * * *
You are electrocuted!
* * * LOW HITPOINT WARNING * * *
The orc hits you from afar with a +2 vorpal trident!
* * * LOW HITPOINT WARNING * * *
* * * LOW HITPOINT WARNING * * *
The orc priest calls down the wrath of Beogh upon you.
Pain shoots through your body!
* * * LOW HITPOINT WARNING * * *
You hit the orc wizard but do no damage.
The orc wizard barely misses you. The orc closely misses you.
The orc priest closely misses you.
You hear some strange, mumbled words.
A magic dart appears from out of thin air!
The magic dart hits you!
You die...

#.........# #.
#........(# #.
#........(# #.
#...!...o.# #.
#.........# #.
#.........# .#.
#.......o.# ..'.
#......{oo# ..#.
#...[...@.#+## ..#.
########.....# #. #.....#
#. #.....# # #.....#
########.....# #.
#............+ #....#.
#............######....#.
#.......#######...#....'.


You could see an orc priest, an orc wizard and 2 orcs.

Vanquished Creatures
  Duvessa (D:4)
  A phantom (D:5)
  A kobold brigand (D:3)
  A scorpion (D:6)
  Dowan (D:4)
  A water moccasin skeleton (D:5)
  A jelly (D:3)
  An orc priest (D:5)
  An iguana (D:4)
  2 orc wizards
  4 gnolls
  9 adders
  A white imp (D:5)
  An ufetubus (D:4)
  A worm (D:3)
  2 dart slugs
  8 orcs
  2 bats
  7 endoplasms
  4 giant cockroaches
  5 goblins
  9 hobgoblins
  5 jackals (D:1)
  A quokka (D:1)
  5 ball pythons
  6 frilled lizards
  3 kobolds
  7 rats
91 creatures vanquished.

Notes
Turn   | Place    | Note
-------+----------+-------------------------------------------
     0 | D:1      | wakim the Gnoll Gladiator began the quest for the Orb.
     0 | D:1      | Reached XP level 1. HP: 20/20 MP: 1/1
   229 | D:1      | Reached XP level 2. HP: 26/26 MP: 2/2
   888 | D:1      | Found a faded altar of an unknown god.
   891 | D:1      | Became a worshipper of Vehumet
   891 | D:1      | Reached * piety under Vehumet
   891 | D:1      | Offered knowledge of Foxfire by Vehumet.
   968 | D:1      | Reached XP level 3. HP: 31/31 MP: 3/3
  1358 | D:2      | Reached skill level 1 in Invocations
  1617 | D:2      | Reached skill level 1 in Short Blades
  1617 | D:2      | Reached skill level 1 in Long Blades
  1617 | D:2      | Reached skill level 1 in Axes
  1617 | D:2      | Reached skill level 1 in Maces & Flails
  1617 | D:2      | Reached skill level 1 in Polearms
  1617 | D:2      | Reached skill level 1 in Slings
  1617 | D:2      | Reached skill level 1 in Bows
  1617 | D:2      | Reached skill level 1 in Crossbows
  1617 | D:2      | Reached skill level 1 in Armour
  1617 | D:2      | Reached skill level 1 in Stealth
  1617 | D:2      | Reached skill level 1 in Shields
  1617 | D:2      | Reached skill level 1 in Unarmed Combat
  1617 | D:2      | Reached skill level 1 in Spellcasting
  1617 | D:2      | Reached skill level 1 in Evocations
  1807 | D:2      | Reached XP level 4. HP: 37/38 MP: 5/5
  2100 | D:3      | Reached skill level 1 in Conjurations
  2100 | D:3      | Reached skill level 1 in Hexes
  2100 | D:3      | Reached skill level 1 in Summonings
  2100 | D:3      | Reached skill level 1 in Necromancy
  2100 | D:3      | Reached skill level 1 in Translocations
  2100 | D:3      | Reached skill level 1 in Transmutations
  2100 | D:3      | Reached skill level 1 in Fire Magic
  2100 | D:3      | Reached skill level 1 in Ice Magic
  2100 | D:3      | Reached skill level 1 in Air Magic
  2100 | D:3      | Reached skill level 1 in Earth Magic
  2100 | D:3      | Reached skill level 1 in Poison Magic
  2371 | D:3      | Reached XP level 5. HP: 43/43 MP: 6/6
  2595 | D:3      | Learned a level 2 spell: Blink
  2786 | D:3      | Found a runed translucent gate.
  2798 | D:3      | Found a runed translucent gate.
  2798 | D:3      | Found a runed translucent gate.
  2803 | D:3      | Noticed greedy's ghost (amateur DsGl)
  2804 | D:3      | Identified the +0 hunting sling of Context {freeze, rCorr}
  3021 | D:3      | HP: 2/43 [goblin (3)]
  3038 | D:3      | Reached ** piety under Vehumet
  3345 | D:4      | Offered knowledge of Shock by Vehumet.
  3421 | D:4      | Noticed a kobold brigand
  3731 | D:3      | Killed a kobold brigand
  3732 | D:3      | Reached XP level 6. HP: 26/50 MP: 8/8
  4034 | D:4      | Noticed Dowan
  4261 | D:4      | Reached skill level 5 in Fighting
  4261 | D:4      | Reached skill level 5 in Throwing
  4812 | D:4      | Noticed Duvessa
  5042 | D:3      | Learned a level 2 spell: Poisonous Vapours
  5316 | D:4      | Killed Duvessa
  5566 | D:4      | Killed Dowan
  5567 | D:4      | Reached XP level 7. HP: 35/56 MP: 0/10
  5713 | D:4      | Found a staircase to the Ecumenical Temple.
  5812 | Temple   | Entered the Ecumenical Temple
  5821 | D:5      | Entered Level 5 of the Dungeon
  6849 | D:5      | Killed from afar by an orc wizard

Illustrated notes

Levels and vault maps discovered:
D:1:      elethiomel_arrival_maze, layout_basic,
          chequers_ecumenical_altar_grove, solitary_fountain, minivault_25,
          amcnicky_mini_corridor_feature, minmay_heptomino_w4
D:2:      layout_loops_corners, grunt_ministairs_8
D:3:      layout_loops_cross, biasface_ghost_orc_armoury,
          nicolae_underground_beach
D:4:      layout_cave_pools, temple_statues, uniq_duvessa
D:5:      layout_gridville, general_overflow_altar
D:6:      kennysheep_steamy, layout_basic
Temple:   hc_temple_tempest_star

Skill      XL: |  1  2  3  4  5  6  7 |
---------------+----------------------+-----
Invocations    | 1 2 3 |  3.0
Short Blades   | 1 2 |  2.7
Long Blades    | 1 2 |  2.7
Axes           | 1 2 |  2.7
Maces & Flails | 1 2 |  2.7
Polearms       | 1 2 |  2.7
Slings         | 1 2 |  2.7
Bows           | 1 2 |  2.7
Crossbows      | 1 2 |  2.7
Armour         | 1 2 |  2.7
Stealth        | 1 2 |  2.7
Shields        | 1 2 |  2.7
Unarmed Combat | 1 2 |  2.7
Spellcasting   | 1 2 |  2.7
Evocations     | 1 2 |  2.7
Conjurations   | 1 2 |  2.2
Hexes          | 1 2 |  2.2
Summonings     | 1 2 |  2.2
Necromancy     | 1 2 |  2.2
Translocations | 1 2 |  2.2
Transmutations | 1 2 |  2.2
Fire Magic     | 1 2 |  2.2
Ice Magic      | 1 2 |  2.2
Air Magic      | 1 2 |  2.2
Earth Magic    | 1 2 |  2.2
Poison Magic   | 1 2 |  2.2
Fighting       | 5 |  5.3
Throwing       | 5 |  5.3
Staves         | 7 |  7.1
Dodging        | 7 |  7.1

Action                   |  1- 3 |  4- 6 |  7- 9 || total
-------------------------+-------+-------+-------++-------
Melee: Quarterstaff      |    81 |   118 |    33 ||   232
       Bite              |     3 |     8 |     1 ||    12
       Hunting sling     |       |     1 |       ||     1
       Dagger            |       |       |     5 ||     5
 Fire: Hunting sling     |    18 |    71 |       ||    89
Throw: Stone             |       |     5 |    24 ||    29
 Cast: Blink             |       |     2 |       ||     2
       Poisonous Vapours |       |     9 |    15 ||    24
  Use: Scroll            |       |    11 |       ||    11
       Potion            |       |     3 |       ||     3
 Stab: Sleeping          |     3 |     1 |       ||     4
Armor: Leather armour    |    16 |    26 |       ||    42
       Robe              |       |     3 |     6 ||     9
Dodge: Dodged            |    56 |    99 |    22 ||   177
Block: Buckler           |       |       |     1 ||     1
